 Dungeon Crawl Stone Soup version 0.21.1-1-g345015f (webtiles) character file.

317 Fang the Chopper (level 6, -1/39 HPs)
             Began as a Gargoyle Berserker on May 30, 2018.
             Was a Priest of Trog.
             Slain by a water moccasin (7 damage)
             ... on level 4 of the Dungeon.
             The game lasted 00:03:18 (3167 turns).

Fang the Chopper (Gargoyle Berserker)               Turns: 3167, Time: 00:03:19

Health: -1/39      AC:  6    Str: 25    XL:     6   Next: 45%
Magic:  5/5        EV: 12    Int:  8    God:    Trog [***...]
Gold:   185        SH:  0    Dex:  9    Spells: 5/5 levels left

rFire    + + .     SeeInvis .   q - +6 hand axe "Fesac" {chop, rElec rN+ MR+ Str+3}
rCold    . . .     Gourm    .   (no shield)
rNeg     + + .     Faith    .   b - +0 animal skin
rPois    ∞         Spirit   .   (no helmet)
rElec    +         Reflect  .   (no cloak)
rCorr    .         Harm     .   (no gloves)
MR       +....                  (no boots)
Stlth    ..........             (no amulet)
HPRegen  0.13/turn              f - ring of protection from fire
MPRegen  0.09/turn              r - ring of loudness (curse)

@: berserk cooldown, slowed, very slow
A: fire resistance 1, low mp 1, negative energy resistance 1, electricity
resistance, unbreathing, petrification resistance, rot immunity, AC +4
a: Berserk, Trog's Hand, Burn Spellbooks, Renounce Religion


You were on level 4 of the Dungeon.
You worshipped Trog.
Trog was most pleased with you.
You were very hungry.

You visited 1 branch of the dungeon, and saw 4 of its levels.

You collected 185 gold pieces.

Inventory:

Hand Weapons
 a - a +1 hand axe
 q - the +6 hand axe "Fesac" (weapon) {chop, rElec rN+ MR+ Str+3}
   (You found it on level 4 of the Dungeon)

   It inflicts extra damage upon your enemies.
   It affects your strength (+3).
   It insulates you from electricity.
   It protects you from negative energy.
   It affects your resistance to hostile enchantments.
Missiles
 j - 3 tomahawks of returning (quivered)
Armour
 b - a +0 animal skin (worn)
Jewellery
 f - a ring of protection from fire (left hand)
 r - a cursed ring of loudness (right hand)
Wands
 m - a wand of paralysis (13)
Potions
 d - a potion of flight
 e - a potion of lignification {unknown}
 k - a potion of degeneration
 p - a potion of berserk rage {unknown}
 s - a potion of curing {unknown}
Comestibles
 c - 9 rations


   Skills:
 + Level 4.6 Fighting
 + Level 4.9 Axes
 + Level 2.3 Armour
 + Level 2.8 Dodging
 + Level 1.0 Stealth


You had 5 spell levels left.
You didn't know any spells.

Dungeon Overview and Level Annotations

Branches:
Dungeon (4/15)
 Temple: D:4-7

Altars:
Okawaru
Sif Muna

Annotations:
D:4 2 transporters


Innate Abilities, Weirdness & Mutations

You are resistant to torment.
Your stone body is resilient. (AC +4)
You are immune to poison.
You resist negative energy. (rN+)
You are resistant to electric shocks. (rElec)
You can survive without breathing.
You are immune to petrification.
You are immune to rotting.
Your flesh is heat resistant. (rF+)
Your magical capacity is low. (-10% MP)


Message History

You resist with some effort. The water moccasin barely misses you.
The orc priest hits you but does no damage.
The water moccasin bites you but does no damage.
You closely miss the orc priest.
The orc priest is almost dead.
You miss the water moccasin. The water moccasin barely misses you.
The orc priest hits you but does no damage.
The water moccasin bites you.
Unknown command.
You slash the orc priest!
You kill the orc priest!
Trog accepts your kill.
You miss the water moccasin.
The water moccasin bites you but does no damage.
The water moccasin bites you!
* * * LOW HITPOINT WARNING * * *
You hit the water moccasin.
The water moccasin is moderately wounded.
The water moccasin bites you!
You die...

#..# ##..##
.#...## .....
.... ##..
###.S##
.###..)@)## ##.
.....#....##...
....##.........
.#...#.).......
#.....#.....
##..........
#.........© ..#
#..(.###### ..
#.###.# §!©


You could see a water moccasin.

Vanquished Creatures
  An orc priest (D:4)
  A bullfrog skeleton (D:2)
  2 orc wizards (D:4)
  12 adders
  2 oozes
  An adder skeleton (D:2)
  2 worms
  4 dart slugs
  4 leopard geckos
  2 orcs
  7 bats
  2 giant cockroaches (D:2)
  8 goblins
  6 hobgoblins
  8 kobolds
  3 quokkas (D:2)
  A ball python (D:3)
  3 frilled lizards
  8 rats
77 creatures vanquished.

Notes
Turn   | Place    | Note
-------+----------+-------------------------------------------
     0 | D:1      | Fang the Gargoyle Berserker began the quest for the Orb.
     0 | D:1      | Reached XP level 1. HP: 14/14 MP: 1/1
    63 | D:1      | Reached XP level 2. HP: 15/19 MP: 2/2
   725 | D:1      | Reached XP level 3. HP: 22/24 MP: 3/3
   910 | D:2      | Found an iron altar of Okawaru.
  1007 | D:2      | Reached XP level 4. HP: 11/29 MP: 4/4
  1496 | D:2      | Reached ** piety under Trog
  1726 | D:2      | Reached XP level 5. HP: 18/33 MP: 5/5
  2793 | D:3      | Found a deep blue altar of Sif Muna.
  2983 | D:4      | Got a crude hand axe
  2984 | D:4      | Identified the +6 hand axe "Fesac" {chop, rElec rN+ MR+ Str+3} (You found it on level 4 of the Dungeon)
  2998 | D:4      | Gained mutation: Your magical capacity is low. (-10% MP) [potion of mutation]
  2998 | D:4      | Gained mutation: Your flesh is heat resistant. (rF+) [potion of mutation]
  3106 | D:4      | Reached XP level 6. HP: 38/39 MP: 5/5
  3134 | D:4      | Found a transporter.
  3154 | D:4      | Found a transporter.
  3158 | D:4      | Noticed a water moccasin
  3161 | D:4      | Reached skill level 1 in Stealth
  3161 | D:4      | Reached *** piety under Trog
  3167 | D:4      | Slain by a water moccasin

Skill      XL: |  1  2  3  4  5  6 |
---------------+-------------------+-----
Axes           | 3 4 |  4.9
Dodging        | 2 |  2.8
Fighting       | 4 |  4.6
Stealth        | 1 |  1.0
Armour         | |  2.3

Action                   |  1- 3 |  4- 6 || total
-------------------------+-------+-------++-------
Melee: Hand axe          |    84 |   206 ||   290
Invok: Berserk           |     1 |     2 ||     3
  Use: Scroll            |       |     8 ||     8
       Potion            |       |     1 ||     1
 Stab: Sleeping          |       |     1 ||     1
  Eat: Chunk             |       |     9 ||     9
Armor: Animal skin       |    16 |    81 ||    97
Dodge: Dodged            |    51 |   169 ||   220
